 Dungeon Crawl Stone Soup version 0.29-a0-1008-g949cc1d0fb (webtiles) character file.

Game seed: 15251091763011478969

126 nicolae the Changer (level 4, -7/34 HPs)
             Began as a Demonspawn Transmuter on Aug 7, 2022.
             Mangled by a gnoll
             ... wielding a +0 flail
              (11 damage)
             ... on level 2 of the Dungeon.
             The game lasted 00:04:58 (2323 turns).

nicolae the Changer (Demonspawn Transmuter)         Turns: 2323, Time: 00:04:59

Health: -7/34      AC:  3    Str: 10    XL:     4   Next: 83%
Magic:  5/7        EV: 12    Int: 16    God:
Gold:   56         SH:  4    Dex: 14    Spells: 1/7 levels left

rFire   . . .      SeeInvis .     - Unarmed
rCold   . . .      Faith    .   (no shield)
rNeg    . . .      Spirit   .   j - +0 leather armour
rPois   .          Reflect  .   (helmet currently unavailable)
rElec   .          Harm     .   (no cloak)
rCorr   .          Rampage  .   (no gloves)
Will    .....                   (boots currently unavailable)
Stlth   +.........              (no amulet)
HPRegen 1.11/turn               (no ring)
MPRegen 0.10/turn               (no ring)

@: lethally poisoned (-7 -> -10), appendages (expiring), wereblooded
A: horns 2, talons 2, powered by death 2, condensation shield
a: End Transformation


You were on level 2 of the Dungeon.
You had temporarily grown beastly horns and talons.
You visited 1 branch of the dungeon, and saw 2 of its levels.

You collected 56 gold pieces.

Inventory:

Missiles
 a - 3 poisoned darts
 e - 2 datura-tipped darts
Armour
 j - a +0 leather armour (worn)
Scrolls
 c - a scroll of summoning {unknown}
 f - a scroll of torment {unknown}
 g - 2 scrolls of blinking {unknown}
 h - a scroll of teleportation {unknown}
 k - a scroll of butterflies {unknown}
Potions
 b - a potion of ambrosia {unknown}
 d - a potion of flight
 i - a potion of berserk rage {unknown}


   Skills:
 - Level 2.6 Fighting
 - Level 2.8 Dodging
 - Level 2.6 Unarmed Combat
 - Level 2.0 Spellcasting
 + Level 3.2 Transmutations


You had one spell level left.
You knew the following spells:

 Your Spells              Type           Power      Damage    Failure   Level
a - Beastly Appendage     Tmut           24%        N/A       8%          1
b - Wereblood             Tmut           12%        N/A       11%         2
c - Spider Form           Tmut/Pois      6%         N/A       41%         3

Your spell library contained the following spells:

 Spells                   Type           Power      Damage    Failure   Level
 Ignite Poison            Fire/Tmut/Pois 5%         N/A       47%         3
 Mephitic Cloud           Conj/Pois/Air  1%         N/A       63%         3
 Ice Form                 Ice/Tmut       6%         N/A       82%         4
 Freezing Cloud           Conj/Ice/Air   0%         6-21      100%        5


Dungeon Overview and Level Annotations

Branches:
Dungeon (2/15)

Altars:


Innate Abilities, Weirdness & Mutations

You have temporarily grown beastly horns and talons.
You regenerate health from kills.
A meltable shield of frost defends you. (SH +4)


Message History

Casting: Beastly Appendage (safe; 8% risk of failure)
Confirm with . or Enter, or press ? or * to list all spells.
Your blood is infused with primal strength.
You hit the gnoll but do no damage. Your kick misses the gnoll.
The gnoll closely misses you.
You closely miss the gnoll. You headbutt the gnoll.
The gnoll is heavily wounded.
The gnoll hits you with a +0 club.
You hit the gnoll. Your kick misses the gnoll. You headbutt the gnoll.
You feel a bit better.
You kill the gnoll!
No target in view!
No target in view! 2 gnolls come into view.
A gnoll is wielding a +4 spear of venom.
The gnoll shouts! x2
The gnoll hits you from afar with a +4 spear of venom!
You are poisoned.
There is an open door here.
Things that are here:
a +0 club; a gnoll corpse You feel very sick.
The gnoll hits you with a +4 spear of venom.
You hit the gnoll but do no damage. You headbutt the gnoll.
The gnoll is moderately wounded.
* * * LOW HITPOINT WARNING * * *
You feel very sick.
The gnoll hits you with a +4 spear of venom.
* * * LOW HITPOINT WARNING * * *
You closely miss the gnoll. You claw the gnoll.
The gnoll is heavily wounded.
* * * LOW HITPOINT WARNING * * *
You feel very sick. You block the gnoll's attack.
You hit the gnoll. You claw the gnoll.
The gnoll is severely wounded.
Your transformation is almost over.
* * * LOW HITPOINT WARNING * * *
You feel sick. The gnoll hits you with a +0 flail!
You die...

#.......#
#' #.>#
####'#### .
#### #.#
#.###
#######
#..)#
#......
#..## ..
#######
##.# #...
#.####.....
#.#@g.....#
#.).g....##
###....###
######


You could see 2 gnolls.

Vanquished Creatures
  5 adders (D:2)
  A gnoll (D:2)
  2 worms (D:2)
  3 dart slugs
  5 ball pythons
  3 endoplasms (D:1)
  3 giant cockroaches
  4 goblins (D:1)
  8 hobgoblins
  7 jackals
  2 quokkas (D:1)
  3 bats
  2 frilled lizards (D:1)
  5 kobolds
  5 rats
58 creatures vanquished.

Notes
Turn   | Place    | Note
-------+----------+-------------------------------------------
     0 | D:1      | nicolae the Demonspawn Transmuter began the quest for the
                  | Orb.
     0 | D:1      | Reached XP level 1. HP: 15/15 MP: 3/3
    56 | D:1      | Reached skill level 2 in Transmutations
   266 | D:1      | Gained mutation: You regenerate a little health from kills.
                  | [demonic ancestry]
   266 | D:1      | Reached XP level 2. HP: 18/21 MP: 3/5
   449 | D:1      | Found a faded altar of an unknown god.
   949 | D:1      | Gained mutation: A meltable shield of frost defends you.
                  | (SH +4) [demonic ancestry]
   949 | D:1      | Reached XP level 3. HP: 27/27 MP: 4/6
  1428 | D:2      | Learned a level 3 spell: Spider Form
  1460 | D:2      | Learned a level 2 spell: Wereblood
  1479 | D:2      | Gained mutation: You regenerate health from kills. [demonic
                  | ancestry]
  1479 | D:2      | Reached XP level 4. HP: 18/34 MP: 4/7
  2092 | D:2      | Identified the +12 dagger of Modesty {vorpal, Fragile rF+
                  | Will++}
  2180 | D:2      | Reached skill level 3 in Transmutations
  2323 | D:2      | Mangled by a gnoll

Illustrated notes

Levels and vault maps discovered:
D:1:      dpeg_arrival_boxorama, layout_loops_ring, serial_glass,
          glass_columns_c, glass_columns_a, glass_columns_a, glass_columns_a,
          glass_columns_a, dreamdust_ecumenical_altar_angels_and_demons,
          minmay_misc_feat_iff
D:2:      layout_basic, lightli_corner_chamber

Skill      XL: |  1  2  3  4 |
---------------+-------------+-----
Transmutations | 2 3 |  3.2
Dodging        | 2 |  2.8
Fighting       | 2 |  2.6
Unarmed Combat | |  2.6
Spellcasting   | |  2.0

Action                   |  1- 3 |  4- 6 || total
-------------------------+-------+-------++-------
Melee: Unarmed           |   105 |    57 ||   162
       Kick              |    30 |    12 ||    42
       Headbutt          |    11 |    10 ||    21
       Punch             |       |     1 ||     1
 Cast: Beastly Appendage |    27 |    13 ||    40
       Wereblood         |       |     2 ||     2
  Use: Potion            |       |     2 ||     2
 Stab: Sleeping          |     2 |     2 ||     4
Armor: Robe              |    17 |     8 ||    25
       Skin              |       |     7 ||     7
       Leather armour    |       |     5 ||     5
Dodge: Dodged            |    60 |    18 ||    78
Block: Other             |     8 |    13 ||    21

Table legend: (Time is in decaauts)
 A = Elapsed time spent in this place.
 B = Non-inter-level travel time spent in this place.
 C = Inter-level travel time spent in this place.
 D = Time resting spent in this place.
 E = Time spent auto-exploring this place.
 F = Levels seen in this place.
 G = Mean time per level.
                   A        B        C        D        E       F      G
               +--------+--------+--------+--------+--------+-----+--------+
         Total |   2315 |   2291 |     24 |    613 |   1239 |   2 | 1157.5 |
       Dungeon |   2315 |   2291 |     24 |    613 |   1239 |   2 | 1157.5 |
               +--------+--------+--------+--------+--------+-----+--------+

Top non-repeatable levels by time:
     D:2: 1212 daAuts
     D:1: 1103 daAuts
